Map: Vaani Research Station (Void)

Players

zaxslash

  • Race: Protoss Protoss
  • League: Gold
  • Spawn Location: 6:00

Peacevan - Winner!

  • Race: Zerg Zerg
  • League: Silver
  • Spawn Location: 12:00

VOD

Have the link to the VOD?

Description

Silver zerg needs help with gas

Time

  • Played on: Dec. 23, 2016, 11:20 p.m.
  • Length: 16:36
Show
View Real Time Build Order
Export as new Build Order

zaxslash Protoss 

Build Orders: Phoenix Opening 

Get SALT Encoding   

  12  0:01  Probe (Chrono Boost)  
  13  0:12  Probe (Chrono Boost)  
  14  0:26  Pylon  
  14  0:27  Probe (Chrono Boost)  
  15  0:40  Assimilator  
  15  0:44  Probe (Chrono Boost)  
  16  0:55  Probe (Chrono Boost)  
  17  0:57  Forge  
  17  1:24  Probe (Chrono Boost)  
  18  1:27  Gateway  
  18  1:35  Probe (Chrono Boost)  
  18  1:39  Assimilator  
  19  1:45  Probe (Chrono Boost)  
  20  1:47  Pylon  
  20  1:48  Pylon  
  20  1:56  Probe (Chrono Boost)  
  21  2:06  Probe (Chrono Boost)  
  22  2:08  Pylon  
  22  2:15  Cybernetics Core  
  22  2:32  Photon Cannon  
  22  2:33  Photon Cannon  
  22  2:35  Photon Cannon  
  22  2:56  Probe (Chrono Boost)  
  23  3:03  Stargate  
  23  3:06  Gateway  
  23  3:07  Probe (Chrono Boost)  
  24  3:14  Zealot, Gateway  
  25  3:21  Probe (Chrono Boost)  
  26  3:27  Warp Gate  
  26  3:44  Stalker  
  28  3:50  Phoenix  
  30  4:28  Probe (Chrono Boost)  
  31  4:36  Phoenix  
  32  4:40  Probe (Chrono Boost)  
  34  4:52  Probe (Chrono Boost)  
  35  5:04  Probe (Chrono Boost)  
  36  5:16  Probe (Chrono Boost)  
  37  5:27  Nexus  
  37  5:32  Probe (Chrono Boost)  
  38  5:43  Probe (Chrono Boost)  
  39  6:06  Twilight Council  
  39  6:38  Assimilator  
  39  6:39  Probe (Chrono Boost)  
  40  6:41  Pylon  
  40  6:43  Pylon  
  40  6:44  Pylon  
  40  6:46  Pylon  
  40  6:49  Pylon, Probe (Chrono Boost)  
  40  6:50  Protoss Shields Level 1  
  40  6:51  Pylon  
  40  6:52  Pylon  
  41  6:54  Pylon  
  41  6:56  Pylon  
  41  6:59  Pylon  
  41  7:00  Pylon  
  41  7:09  Pylon  
  41  7:11  Pylon  
  41  7:12  Pylon  
  41  7:13  Pylon  
  41  7:20  Probe (Chrono Boost)  
  41  7:22  Assimilator  
  42  7:24  Stalker x2  
  42  7:25  Stalker  
  48  7:31  Probe (Chrono Boost)  
  48  7:35  Resonating Glaives  
  49  7:41  Probe (Chrono Boost)  
  50  7:48  Adept x2  
  50  7:49  Adept  
  56  8:02  Nexus  
  56  8:22  Assimilator  
  56  8:29  Phoenix  
  58  8:36  Assimilator  
  58  8:44  Protoss Ground Armor Level 1  
  58  9:04  Nexus  
  58  9:11  Fleet Beacon  
  58  9:23  Protoss Air Weapons Level 1  
  58  9:26  Phoenix  
  60  9:32  Adept x3  
  60  9:33  Blink  
  66  9:54  Adept  
  66  9:55  Adept  
  66  9:56  Adept  
  72  10:02  Probe (Chrono Boost)  
  73  10:08  Assimilator  
  73  10:13  Probe (Chrono Boost)  
  74  10:21  Assimilator  
  74  10:23  Probe (Chrono Boost)  
  71  10:34  Probe (Chrono Boost)  
  72  10:38  Robotics Facility  
  72  10:40  Protoss Ground Weapons Level 1  
  72  10:57  Zealot  
  72  10:58  Zealot x2  
  78  11:17  Gateway  
  78  11:20  Gateway  
  78  11:21  Gateway  
  78  11:26  Gateway  
  78  11:28  Probe (Chrono Boost)  
  78  11:29  Gateway  
  78  11:30  Charge  
  79  11:39  Probe (Chrono Boost)  
  80  11:40  Robotics Bay  
  80  11:49  Probe (Chrono Boost)  
  80  11:52  Adept x2  
  80  11:53  Adept  
  87  12:00  Probe (Chrono Boost)  
  88  12:16  Protoss Shields Level 2  
  88  12:22  Colossus  
  88  12:24  Extended Thermal Lance  
  94  12:47  Zealot x2  
  94  12:48  Zealot x3  
  104  13:08  Colossus  
  110  13:55  Colossus  
  116  14:10  Stalker x2  
  116  14:11  Stalker  
  116  14:12  Stalker x3  
  116  14:13  Stalker x2  
  116  14:14  Protoss Ground Armor Level 2  
  132  14:34  Zealot x2  
  132  14:35  Zealot x2  
  132  14:36  Zealot x4  
  148  14:44  Observer Gravitic Boosters  
  148  14:54  Observer  
  149  15:12  Observer  
  150  15:21  Nexus  
  150  15:22  Adept x3  
  150  15:23  Adept x2  
  160  15:31  Observer, Nexus  
  160  15:33  Probe (Chrono Boost)  
  162  15:38  Nexus  
  160  15:45  Probe (Chrono Boost)  
  160  15:49  Observer  
  61  15:57  Probe (Chrono Boost)  
  49  16:08  Observer  
  50  16:09  Probe (Chrono Boost)  
Show
View Real Time Build Order
Export as new Build Order

Peacevan Zerg - Winner!

Build Orders: Hatch First, Lurkers 

Get SALT Encoding   

  12  0:01  Drone  
  13  0:13  Overlord  
  13  0:20  Drone  
  14  0:31  Drone x2  
  16  0:37  Drone  
  17  0:58  Hatchery, Drone  
  17  1:00  Drone  
  18  1:10  Drone  
  19  1:13  Extractor  
  18  1:25  Spawning Pool  
  18  1:28  Drone  
  18  1:32  Drone  
  19  1:43  Overlord  
  19  1:56  Drone  
  20  2:13  Zergling x2  
  20  2:14  Zergling x4  
  23  2:16  Queen  
  23  2:17  Queen  
  23  2:19  Metabolic Boost  
  27  2:27  Drone x2  
  29  3:01  Drone  
  29  3:02  Drone x5  
  35  3:14  Pneumatized Carapace  
  35  3:28  Overlord x2  
  35  3:31  Drone  
  36  3:46  Queen  
  36  3:47  Drone  
  36  3:48  Drone x6  
  45  4:01  Lair  
  45  4:06  Extractor  
  44  4:21  Spore Crawler  
  43  4:25  Spore Crawler  
  43  4:29  Drone x6  
  48  4:47  Hatchery  
  48  4:48  Overlord  
  48  4:49  Overlord  
  47  4:59  Extractor  
  46  5:02  Evolution Chamber  
  46  5:04  Extractor  
  46  5:05  Evolution Chamber  
  43  5:07  Baneling Nest  
  43  5:11  Drone x3  
  43  5:13  Drone  
  43  5:14  Drone x2  
  48  5:17  Drone x2  
  50  5:26  Drone x2  
  52  5:30  Overlord x2  
  52  6:02  Drone  
  53  6:08  Drone  
  53  6:09  Drone x8  
  62  6:19  Overseer  
  62  6:27  Spire  
  62  6:29  Infestation Pit  
  60  6:33  Drone x2  
  62  6:41  Queen  
  62  6:46  Zergling x2  
  66  6:47  Zergling x14  
  66  6:49  Baneling  
  66  6:50  Baneling x4  
  72  6:56  Zerg Melee Weapons Level 1  
  72  6:57  Zerg Ground Armor Level 1  
  72  7:07  Centrifical Hooks  
  72  7:10  Evolution Chamber  
  71  7:18  Queen  
  73  7:35  Hydralisk Den  
  72  7:44  Overlord  
  72  7:45  Overlord x4  
  72  7:52  Zerg Missile Weapons Level 1  
  72  8:10  Muscular Augments  
  72  8:14  Hydralisk  
  72  8:15  Hydralisk x10  
  94  8:23  Hive  
  94  8:26  Zerg Flyer Weapons Level 1  
  94  8:37  Extractor  
  93  8:41  Extractor  
  93  8:48  Overlord x4  
  92  8:58  Zerg Melee Weapons Level 2  
  92  9:00  Zerg Ground Armor Level 2  
  92  9:06  Zergling x18  
  92  9:07  Zergling x2  
  102  9:44  Lurker Den  
  102  9:49  Hydralisk x4  
  102  9:50  Hydralisk x8  
  102  9:51  Hydralisk  
  128  9:55  Overlord  
  128  9:56  Overlord x2  
  128  10:18  Zerg Missile Weapons Level 2  
  128  10:29  Hatchery  
  128  10:35  Adrenal Glands  
  127  10:43  Ultralisk Cavern  
  127  10:45  Greater Spire  
  126  10:56  Drone  
  126  10:57  Drone x14  
  135  10:58  Drone x2  
  135  11:01  Overlord  
  143  11:12  Lurker x2  
  143  11:13  Lurker x2  
  143  11:14  Lurker  
  143  11:15  Lurker x2  
  150  11:21  Lurker  
  151  11:53  Extractor  
  150  11:58  Corruptor  
  150  11:59  Corruptor x2  
  150  12:00  Corruptor x2  
  160  12:15  Overlord x3  
  160  12:38  Drone x3  
  160  12:40  Drone x3  
  166  12:46  Overlord x2  
  166  12:57  Extractor  
  165  12:59  Queen  
  167  13:23  Brood Lord  
  167  13:24  Brood Lord x4  
  177  13:31  Ultralisk  
  177  13:32  Ultralisk x2  
  177  13:34  Zergling x12  
  199  13:42  Zerg Melee Weapons Level 3  
  199  13:43  Zerg Missile Weapons Level 3  
  199  14:04  Overlord x8  
  199  14:10  Overseer  
  199  14:11  Overseer x4  
  199  14:24  Chitinous Plating  
  199  14:36  Zergling x2  
  200  14:39  Baneling  
  200  14:40  Baneling x9  
  169  16:01  Zergling x6  
  169  16:02  Zergling x18  
Tags
 
Add a new tag
Caveats
  • Supply blocks, unpowered buildings, or Contaminate may cause inaccurate times.
  • Supply counts are checked every 10 seconds.